 Dungeon Crawl Stone Soup version 0.24-a0-809-g71cb82dfb8 (webtiles) character file.

Game seed: 8331343542747577011, levelgen mode: deterministic

35 borgmanm the Caller (level 3, -5/24 HPs)
             Began as a Merfolk Summoner on Oct 11, 2019.
             Killed from afar by Sigmund (12 damage)
             ... with a puff of flame
             ... on level 2 of the Dungeon.
             The game lasted 00:18:15 (1850 turns).

borgmanm the Caller (Merfolk Summoner)              Turns: 1850, Time: 00:18:22

Health: -5/24      AC:  3    Str:  8    XL:     3   Next: 35%
Magic:  0/6        EV: 12    Int: 15    God:
Gold:   53         SH:  0    Dex: 14    Spells: 0/6 levels left

rFire    . . .     SeeInvis .   m - +0 short sword
rCold    . . .     Gourm    .   (no shield)
rNeg     . . .     Faith    .   o - +0 leather armour
rPois    .         Spirit   .   (no helmet)
rElec    .         Reflect  .   (no cloak)
rCorr    .         Harm     .   (no gloves)
MR       .....                  (no boots)
Stlth    ++........             (no amulet)
HPRegen  0.08/turn              (no ring)
MPRegen  0.10/turn              (no ring)

@: no status effects
A: change form in water, swift swim, stealthy swim
a: no special abilities


You were on level 2 of the Dungeon.
You were very hungry.

You visited 1 branch of the dungeon, and saw 2 of its levels.

You collected 53 gold pieces.

Inventory:

Hand Weapons
 i - a cursed -1 hunting sling
 m - a +0 short sword (weapon)
Armour
 a - a +0 robe
 b - a +0 robe
 g - a +0 helmet
 o - a +0 leather armour (worn)
Scrolls
 d - a scroll of remove curse {unknown}
 f - 7 scrolls of identify {unknown}
 j - a scroll of fog {unknown}
 k - a scroll of magic mapping {unknown}
 l - a scroll of teleportation {unknown}
Potions
 e - a potion of might {unknown}
 h - a potion of mutation {unknown}
Comestibles
 c - 4 rations


   Skills:
 + Level 0.4(0.6) Short Blades
   Level 0.2(0.3) Long Blades
 + Level 2.9 Dodging
 - Level 2.3 Stealth
 + Level 2.4 Spellcasting
 * Level 4.5 Summonings


You couldn't memorise any spells.
You knew the following spells:

 Your Spells              Type           Power        Failure   Level  Hunger
a - Summon Small Mammal   Summ           ###.         4%          1    #......
b - Call Imp              Summ           ###.....     7%          2    ###....
c - Call Canine Familiar  Summ           ###.....     14%         3    ###....

Your spell library contained the following spells:

 Spells                   Type           Power        Failure   Level  Hunger
 Summon Guardian Golem    Hex/Summ       #.......     36%         3    ###....
 Summon Ice Beast         Ice/Summ       #.......     77%         4    #####..
 Summon Lightning Spire   Summ/Air       #.......     77%         4    #####..


Dungeon Overview and Level Annotations

Branches:
Dungeon (2/15)

Altars:
Okawaru
Vehumet

Annotations:
D:2 Sigmund


Message History

Your bat dies!
Your bat's corpse disappears in a puff of smoke!
The giant cockroach barely misses your hound.
Your hound misses something.
You hear a shout!
You swap places.
The giant cockroach closely misses your hound.
Your hound barely misses something.
Your crimson imp blinks!
You hear some strange, mumbled words.
A puff of flame appears from out of thin air!
The puff of flame hits you.
* * * LOW HITPOINT WARNING * * *
Your hound bites something.
The giant cockroach bites your hound.
Your crimson imp hits the giant cockroach.
Your hound bites something.
A puff of flame appears from out of thin air!
The puff of flame hits you!
Ouch! That really hurt!
You die...

... #.........#
...######
###.........#
.......#
#...........#
#.....#
##.....#######
+.5.... #......#
# #..s..#
#......# ##
#...h.# #.#...##
..
#..{..####.#...#
.#
#..ยง..@..).....#
#####..........#
#..#.......# #.#
....###.....##
#.. ##..# #..##.#
##. ##.. ..## .#
#.. #.. ..# .#
#.. ... ... #..
#..


You could see a giant cockroach, a friendly hound and a friendly crimson imp.

Vanquished Creatures
  3 giant cockroaches
  A hobgoblin (D:1)
  A jackal (D:2)
  2 bats (D:1)
  2 frilled lizards (D:1)
  A kobold (D:2)
10 creatures vanquished.

Vanquished Creatures (collateral kills)
  An adder (D:2)
  An ooze (D:1)
  A dart slug (D:1)
  3 leopard geckos (D:1)
  2 giant cockroaches (D:1)
  5 jackals (D:2)
  3 kobolds
  A bat (D:2)
  2 frilled lizards (D:1)
  A goblin (D:2)
  3 rats (D:1)
23 creatures vanquished.

Grand Total: 33 creatures vanquished

Notes
Turn   | Place    | Note
-------+----------+-------------------------------------------
     0 | D:1      | borgmanm the Merfolk Summoner began the quest for the Orb.
     0 | D:1      | Reached XP level 1. HP: 13/13 MP: 3/3
   148 | D:1      | Found an iron altar of Okawaru.
   342 | D:1      | Reached XP level 2. HP: 19/19 MP: 0/5
   353 | D:1      | Learned a level 2 spell: Call Imp
  1276 | D:2      | Found a radiant altar of Vehumet.
  1353 | D:2      | Reached XP level 3. HP: 22/24 MP: 6/6
  1358 | D:2      | Learned a level 3 spell: Call Canine Familiar
  1838 | D:2      | Noticed Sigmund
  1850 | D:2      | Killed from afar by Sigmund

Levels and vault maps discovered:
D:1:      dpeg_arrival_central, layout_loops_corners, okawaru_ov_weapons_minmay
D:2:      layout_basic, marbit_many_paths, nicolae_dithmenos_shadow_blocks,
          uniq_sigmund

Action                   || total
-------------------------++-------
Melee: Falchion          ||    11
       Unarmed           ||     1
       Short sword       ||    23
 Cast: Summon Small Mamm ||    20
       Call Imp          ||    20
       Call Canine Famil ||     6
  Eat: Chunk             ||     4
Armor: Robe              ||     6
       Leather armour    ||     4
Dodge: Dodged            ||    47
       Rpst.: Falchion   ||     7

Table legend:
 A = Non-vault XP
 B = Vault XP
 C = Vault XP percentage of total XP
 D = Non-vault monster count
 E = Vault monster count
 F = Vault count percentage of total count
                 A         B        C        D         E       F
            +---------+---------+-------+---------+---------+-------
      Total |      50 |       1 |   2.0 |      32 |       1 |   3.0
            +---------+---------+-------+---------+---------+-------
        D:1 |      30 |       0 |   0.0 |      20 |       0 |   0.0
        D:2 |      20 |       1 |   4.8 |      12 |       1 |   7.7
            +---------+---------+-------+---------+---------+-------
